 Dungeon Crawl Stone Soup version 0.22.0 (webtiles) character file.

375 HaroldButt the Cudgeler (level 6, 0/47 HPs)
             Began as a Mummy Fighter on Aug 11, 2018.
             Was an Initiate of Gozag.
             Slain by an ogre
             ... wielding a +0 giant club
              (21 damage)
             ... on level 4 of the Dungeon.
             The game lasted 00:12:19 (2467 turns).

HaroldButt the Cudgeler (Mummy Fighter)             Turns: 2467, Time: 00:12:20

Health: 0/47       AC:  9    Str: 21    XL:     6   Next: 44%
Magic:  6/6        EV:  7    Int:  7    God:    Gozag
Gold:   395        SH:  9    Dex: 12    Spells: 5/5 levels left

rFire    x . .     SeeInvis .   a - +0 flail
rCold    + . .     Gourm    .   c - +0 shield
rNeg     + + +     Faith    .   b - +0 scale mail
rPois    ∞         Spirit   .   (no helmet)
rElec    .         Reflect  .   h - +2 cloak
rCorr    .         Harm     .   (no gloves)
MR       .....                  (no boots)
Stlth    ..........             (no amulet)
HPRegen  0.15/turn              (no ring)
MPRegen  0.10/turn              k - ring of positive energy

@: no status effects
A: no food or potions, fire vulnerability, cold resistance 1, negative energy
resistance 3, torment resistance, unbreathing
a: Potion Petition, Call Merchant, Bribe Branch, Renounce Religion


You were on level 4 of the Dungeon.
You worshipped Gozag.
Gozag was aware of your devotion.
You were not hungry.

You visited 1 branch of the dungeon, and saw 4 of its levels.

You collected 412 gold pieces.
You paid 17 gold pieces to Gozag.


Innate Abilities, Weirdness & Mutations

You do not eat or drink.
Your flesh is vulnerable to fire.
You are immune to poison.
Your flesh is cold resistant. (rC+)
You are immune to negative energy. (rN+++)
You are immune to unholy pain and torment.
You can survive without breathing.


   Skills:
 - Level 3.0 Fighting
 + Level 5.8 Maces & Flails
 - Level 2.4 Armour
 - Level 2.4 Shields


You had 5 spell levels left.
You didn't know any spells.
Your spell library contained the following spells:

 Spells                   Type           Power        Failure   Level  Hunger
 Apportation              Tloc           #.....       100%        1    N/A
 Summon Small Mammal      Summ           #...         100%        1    N/A
 Animate Skeleton         Necr           N/A          100%        1    N/A
 Confusing Touch          Hex            #.....       100%        1    N/A

Inventory:

Hand Weapons
 a - a +0 flail (weapon)
Armour
 b - a +0 scale mail (worn)
 c - a +0 shield (worn)
 f - a scarf of cloud immunity
 h - a +2 cloak (worn)
Jewellery
 k - a ring of positive energy (right hand)
Scrolls
 d - a scroll of fear {unknown}
 e - a scroll of immolation {!r}
 g - 2 scrolls of remove curse
 i - a scroll of enchant weapon {unknown}
 j - a scroll of teleportation {@r4}
 l - a scroll of fog {unknown}

Dungeon Overview and Level Annotations

Branches:
Dungeon (4/15)
 Temple: D:4-7

Altars:
Dithmenos
Elyvilon
Gozag
Sif Muna
Trog
Uskayaw
Vehumet
Wu Jian
Yredelemnul
The Shining One

▒▒▒▒▒▒▒▒▒▒▒.≈≈≈▒ ▒▒▒▒▒.....
▒......>....≈≈≈▒ ▒.%.....%.
▒.........O..≈▒ ▒.▒▒▒▒▒.▒▒
▒..........▒ ▒▒▒.▒▒ ▒%▒▒
▒..........▒ ▒....▒ ▒.▒▒
▒..........▒▒▒▒
▒....▒▒▒▒.▒.
▒.............▒
▒.........▒.
▒..........▒▒▒▒
▒▒▒▒▒▒.▒...▒
▒..........OM.▒ ▒.▒ ▒.▒.▒▒▒
▒..........▒▒.▒▒▒.▒ ▒▒...▒
▒..........▒▒.....▒ ▒...▒▒
▒▒▒▒▒▒▒▒▒▒▒▒▒▒▒▒..▒▒▒)▒...▒
▒......)▒...▒ ▒...........▒
▒...........▒
▒..............
▒.......▒......


You could see an ogre.


Message History

Found 12 gold pieces.
Found a stone staircase leading down.
You now have 395 gold pieces (gained 12).
You feel a little less clever now.
The kobold shouts!
You hear a shout!
You hear a shout!
An ogre comes into view. It is wielding a giant club.
The kobold shouts!
The ogre shouts!
You hear a shout!
You hear a shout!
Your magical contamination has completely faded away.
You feel a little less agile now.
You start to feel less resistant.
Your shield prevents you from hitting the ogre.
Your resistance to elements expires.
The ogre hits you with a giant club.
You hit the ogre.
The ogre is lightly wounded.
The ogre hits you with a giant club!
* * * LOW HITPOINT WARNING * * *
Your shield and scale mail prevent you from hitting the ogre.
The ogre is lightly wounded.
The ogre barely misses you.
You hit the ogre but do no damage.
The ogre is lightly wounded.
The ogre hits you with a giant club!!
You die...
Your body crumbles into a pile of gold.

Action                   |  1- 3 |  4- 6 || total
-------------------------+-------+-------++-------
Melee: Flail             |   176 |   152 ||   328
Invok: Potion Petition   |       |     1 ||     1
  Use: Scroll            |     2 |     2 ||     4
 Stab: Distracted        |       |     1 ||     1
Armor: Scale mail        |    71 |    66 ||   137
Dodge: Dodged            |    52 |    48 ||   100
Block: Shield            |    76 |    59 ||   135

Vault maps used:
D:1:      saegor_arrival_simple_b, minmay_misc_feat_room
D:2:      chequers_temple_overflow_statue_of_worship, first_ration
D:3:      grunt_temple_overflow_open, lemuel_crystal_altar
D:4:      cheibrodos_thug_alley, nicolae_ru_the_path_less_chosen, uniq_natasha,
          uniq_eustachio, uniq_grinder

Notes
Turn   | Place    | Note
-------+----------+-------------------------------------------
     0 | D:1      | HaroldButt the Mummy Fighter began the quest for the Orb.
     0 | D:1      | Reached XP level 1. HP: 18/18 MP: 1/1
   415 | D:1      | Reached skill level 2 in Maces & Flails
   415 | D:1      | Reached XP level 2. HP: 24/24 MP: 2/2
  1032 | D:2      | Reached XP level 3. HP: 28/29 MP: 3/3
  1131 | D:2      | Reached skill level 3 in Maces & Flails
  1240 | D:2      | Found a hide-covered altar of Uskayaw.
  1240 | D:2      | Found an opulent altar of Gozag.
  1248 | D:2      | Became a worshipper of Gozag Ym Sagoz the Greedy
  1402 | D:3      | Found a radiant altar of Vehumet.
  1442 | D:3      | Reached XP level 4. HP: 26/35 MP: 4/4
  1481 | D:3      | Found a basalt altar of Yredelemnul.
  1481 | D:3      | Found a shadowy altar of Dithmenos.
  1483 | D:3      | Found a deep blue altar of Sif Muna.
  1483 | D:3      | Found a white marble altar of Elyvilon.
  1509 | D:3      | Found an ornate altar of the Wu Jian Council.
  1509 | D:3      | Found a glowing golden altar of the Shining One.
  1509 | D:3      | Found a bloodstained altar of Trog.
  1629 | D:3      | Reached skill level 4 in Maces & Flails
  2197 | D:4      | Reached XP level 5. HP: 34/41 MP: 5/5
  2214 | D:4      | Noticed Natasha
  2221 | D:4      | Killed Natasha
  2375 | D:4      | Noticed Grinder
  2390 | D:4      | Paralysed by Grinder for 3 turns
  2421 | D:4      | Killed Grinder
  2421 | D:4      | Reached skill level 5 in Maces & Flails
  2421 | D:4      | Reached XP level 6. HP: 33/47 MP: 6/6
  2467 | D:4      | Slain by an ogre

Vanquished Creatures
  Grinder (D:4)
  Natasha (D:4)
  2 worker ants (D:4)
  5 adders
  2 oozes
  2 worms
  2 dart slugs (D:3)
  A leopard gecko (D:1)
  8 orcs
  5 bats
  3 giant cockroaches
  6 goblins
  6 hobgoblins
  3 ball pythons
  5 frilled lizards
  7 kobolds
  5 rats
64 creatures vanquished.
